AoeStats
← Jumpshot

Pilgrims

509879720Analyzed
2v2 RM · 3d ago on Sep 28, 2026· 68m 43s· 4 players
Game mode
Random Map
Map size
Medium (4 player)
Population
200
Speed
Normal
Resources
Standard
Victory
Conquest
Starting age
Dark Age
Ending age
Imperial Age
RankedLock teamsTeams togetherTeam positionsShared explorationLock speedFull tech treeHidden civsTurbo modeCheats
Victory
Defeat
🇧🇷 Romans · Brazil
594
+15
🇩🇪 Varangians · Germany
560
+17
🇮🇳 Danes · India
578
-16
🇮🇳 Hindustanis · India
573
-16
GiulioSalmo
2:31 Loom
12:14 Feudal Age
13:35 Wheelbarrow
13:20 Town Watch
15:38 Fishing Lines
16:33 Scale Barding Armor
16:46 Horse Collar
17:48 Bloodlines
17:42 Gold Mining
24:25 Castle Age
22:51 Arson
22:52 Man-at-Arms
24:26 Scale Mail Armor
24:37 Forging
25:41 Light Cavalry
27:40 Chain Mail Armor
27:48 Treadmill Crane
29:44 Double-Bit Axe
30:22 Gillnets
31:58 Stone Mining
37:06 Iron Casting
41:44 Caravan
42:11 Medium Warships
43:23 Murder Holes
43:13 Pikeman
43:54 Squires
44:44 Fervor
46:00 Hand Cart
46:23 Long Swordsman
47:39 Husbandry
53:05 Ballistics
53:57 Masonry
54:03 Long Swordsman
54:28 Gambesons
54:09 Vendel Legacy
56:34 Coinage
56:20 Heavy Plow
59:05 Town Patrol
63:46 Imperial Age
65:59 Conscription
67:12 Gothikon
68:11 Two-Handed Swordsman
Jumpshot
6:58 Loom
13:49 Feudal Age
14:16 Fishing Lines
15:22 Double-Bit Axe
16:25 Horse Collar
21:39 Castle Age
22:45 Bow Saw
22:57 Scale Mail Armor
24:47 Gillnets
24:55 Gillnets
26:05 Fervor
26:49 Light Cavalry
27:45 Scale Barding Armor
28:37 Heavy Plow
28:41 Caravan
29:02 Bloodlines
29:45 Chain Barding Armor
31:07 Stone Mining
31:09 Gold Mining
31:02 Man-at-Arms
31:45 Long Swordsman
35:54 Chain Mail Armor
39:46 Gold Shaft Mining
41:52 Imperial Age
41:02 Pikeman
42:21 Ballistics
42:47 Halberdier
43:29 Squires
43:42 Forging
44:55 Fletching
45:52 Iron Casting
45:52 Conscription
45:39 Bodkin Arrow
48:19 Crop Rotation
50:19 Legionary
51:38 Sappers
57:19 Capped Ram
58:19 Elite Skirmisher
61:52 Blast Furnace
61:18 Comitatenses
62:47 Cavalier
66:17 Husbandry
8man
5:13 Loom
12:53 Feudal Age
14:28 Double-Bit Axe
15:33 Horse Collar
20:24 Castle Age
19:06 Stone Mining
19:10 Gold Mining
21:14 Bow Saw
21:09 Heavy Plow
21:33 Arson
21:35 Gambesons
22:20 Pikeman
26:39 Squires
27:54 Ballistics
32:17 Imperial Age
29:36 Town Watch
30:52 Wheelbarrow
31:48 Forging
31:38 Scale Mail Armor
31:28 Man-at-Arms
33:22 Scale Mail Armor
33:57 Iron Casting
33:57 Halberdier
38:59 Fletching
40:29 Bodkin Arrow
44:10 Bracer
46:43 Elite Varangian Guard
49:26 Chemistry
48:38 Elite Skirmisher
yanuj4284
4:40 Loom
15:03 Feudal Age
16:32 Wheelbarrow
16:40 Man-at-Arms
24:49 Castle Age
26:27 Hand Cart
25:58 Town Watch
26:08 Pikeman
26:49 Squires
26:34 Arson
27:08 Bloodlines
27:50 Double-Bit Axe
31:14 Horse Collar
33:09 Husbandry
32:30 Light Cavalry
39:53 Town Patrol
41:40 Elite Skirmisher
41:41 Crossbowman
46:03 Bow Saw
45:56 Heavy Plow
49:43 Ballistics
52:24 Thumb Ring
58:21 Murder Holes
Connection lost

Rejoining the realm…

Still unreachable

The connection could not be restored.

Session expired

The server has moved on; the page needs a fresh start.